AoeStats
← mdiviu

Glade

510565922Analyzed
1v1 RM · 2d ago on Oct 1, 2026· 73m 32s· 2 players
Game mode
Random Map
Map size
Tiny (2 player)
Population
200
Speed
Normal
Resources
Standard
Victory
Conquest
Starting age
Dark Age
Ending age
Imperial Age
RankedLock teamsTeams togetherTeam positionsShared explorationLock speedFull tech treeHidden civsTurbo modeCheats
Victory
Defeat
🇺🇸 Malay · United States
720
+16
🇪🇸 Cumans · Spain
722
-16
Marduk5770
13:35 Feudal Age
14:38 Double-Bit Axe
17:47 Castle Age
18:25 Wheelbarrow
19:02 Scale Barding Armor
19:33 Gold Mining
20:09 Forging
23:39 Loom
27:28 Husbandry
27:41 Horse Collar
32:25 Crossbowman
33:38 Fletching
33:50 Padded Archer Armor
34:29 Thumb Ring
38:02 Leather Archer Armor
41:12 Town Watch
42:39 Bodkin Arrow
45:20 Imperial Age
46:53 Arbalester
49:09 Elite Battle Elephant
52:04 Iron Casting
64:21 Guard Tower
mdiviu
6:13 Loom
13:37 Feudal Age
17:42 Wheelbarrow
21:30 Castle Age
22:15 Forging
21:39 Pikeman
22:21 Double-Bit Axe
24:50 Iron Casting
32:42 Town Watch
34:57 Elite Skirmisher
35:11 Capped Ram
41:31 Fletching
48:19 Imperial Age
47:34 Scale Mail Armor
47:30 Bodkin Arrow
51:03 Town Patrol
55:43 Bow Saw
55:05 Halberdier
59:29 Siege Ram
66:04 Blast Furnace
65:05 Padded Archer Armor
66:51 Hand Cart
Connection lost

Rejoining the realm…

Still unreachable

The connection could not be restored.

Session expired

The server has moved on; the page needs a fresh start.